 Dungeon Crawl Stone Soup version 0.28.0 (webtiles) character file.

Game seed: 138582517642737117

156 Dorkslayer the Skirmisher (level 5, 0/42 HPs)
             Began as a Demonspawn Fighter on July 13, 2022.
             Slain by a dart slug (3 damage)
             ... on level 3 of the Dungeon.
             The game lasted 00:04:43 (1868 turns).

Dorkslayer the Skirmisher (Demonspawn Fighter)      Turns: 1868, Time: 00:04:45

Health: 0/42       AC: 10    Str: 17 (18) XL:     5   Next: 15%
Magic:  5/5        EV:  6    Int:  8 (9)  God:
Gold:   113        SH:  5    Dex: 11 (13) Spells: 4/4 levels left

rFire   . . .      SeeInvis .   a - +0 long sword
rCold   . . .      Faith    .   c - +1 buckler
rNeg    . . .      Spirit   .   k - +0 chain mail
rPois   .          Reflect  .   e - +0 helmet
rElec   .          Harm     .   (no cloak)
rCorr   .          Rampage  .   (no gloves)
Will    .....                   (no boots)
Stlth   ..........              (no amulet)
HPRegen 0.14/turn               (no ring)
MPRegen 0.09/turn               (no ring)

@: mighty, brilliant
A: foul stench 2
a: no special abilities


You were on level 3 of the Dungeon.
You visited 1 branch of the dungeon, and saw 3 of its levels.

You collected 113 gold pieces.

Inventory:

Hand Weapons
 a - a +0 long sword (weapon)
Armour
 c - a +1 buckler (worn)
 e - a +0 helmet (worn)
 k - a +0 chain mail (worn)
Scrolls
 j - a scroll of teleportation {unknown}
 l - a scroll of identify {unknown}
Potions
 d - a potion of might
 g - a potion of cancellation {unknown}
 i - a potion of flight {unknown}
 m - a potion of brilliance


   Skills:
 + Level 3.7 Fighting
 + Level 3.1 Long Blades
 + Level 3.6 Armour
 + Level 1.0 Dodging
 + Level 3.1 Shields


You had 4 spell levels left.
You didn't know any spells.
Your spell library contained the following spells:

 Spells                   Type           Power      Damage    Failure   Level
 Corpse Rot               Necr/Air       0%         N/A       100%        2
 Poisonous Vapours        Pois/Air       0%         N/A       100%        2
 Tukima's Dance           Hex            0%         N/A       100%        3
 Passage of Golubria      Tloc           0%         N/A       100%        4
 Yara's Violent Unravell  Hex/Tmut       0%         3d3       100%        5


Dungeon Overview and Level Annotations

Branches:
Dungeon (3/15)

Altars:

Annotations:
D:3 Robin, Sigmund


Innate Abilities, Weirdness & Mutations

You sometimes emit foul miasma when damaged in melee.


Message History

Sigmund and a dart slug come into view.
Sigmund shouts!
You hear a shout!
You closely miss the goblin. You block the goblin's attack.
The goblin hits you but does no damage.
You closely miss the goblin. You block the goblin's attack.
You closely miss the goblin. The goblin hits you but does no damage.
You barely miss the goblin. The goblin hits you but does no damage.
It was a potion of brilliance.
You feel clever all of a sudden. The goblin hits you but does no damage.
An orc comes into view. It is wielding a +0 hand axe.
You block Sigmund's attack.
It was a potion of degeneration.
There was something very wrong with that liquid.
You feel weakened.
You feel dopey.
You feel clumsy.
The orc shouts!
An orc comes into view. It is wielding a +0 flail.
The goblin hits you but does no damage.
The dart slug bites you but does no damage.
As you read the scroll labelled JADACL INEPAANEG, it crumbles to dust.
Your body is wracked with pain!
* * * LOW HITPOINT WARNING * * *
The goblin convulses!
The dart slug convulses!
The orc convulses!
Sigmund convulses!
The goblin convulses! x4
Something is bathed in an unholy light!
The orc convulses!
The goblin convulses! x2; Robin convulses!
The orc convulses!
The goblin convulses!
The orc convulses!
It was a scroll of torment.
You block the goblin's attack. Sigmund hits you but does no damage.
Robin roars a battlecry!
The goblins go into a battle-frenzy!
The dart slug bites you but does no damage.
Okay, then.
As you read the scroll labelled UBAUHU BUUT, it crumbles to dust.
You speak a Word of immense power!
You are blasted by holy energy!
* * * LOW HITPOINT WARNING * * *
It was a scroll of holy word.
The goblin hits you with a +0 club.
* * * LOW HITPOINT WARNING * * *
You emit a cloud of foul miasma!
Sigmund barely misses you. The dart slug bites you.
You die...

#......)..# ####.
#..##.#..#.# #...# #.
#.#..#.# #...# #....#.#
#...# #.##.#.# #...#
.##.##.#.# #...#
.........######...######
##..####{ogg...........
#..@w@goggg†..........
.o....###gKggg..........
.o##. #######...####.#
.. #...# .. #g..# #.
#...# # #.g.# #o.)#
##g##


You could see Sigmund, Robin, a dart slug, 4 orcs, 9 goblins and a kobold.

Vanquished Creatures
  2 orc priests (D:3)
  An orc wizard (D:3)
  2 adders
  6 orcs
  2 endoplasms
  A giant cockroach (D:1)
  4 goblins
  7 hobgoblins
  4 ball pythons
  5 bats (D:1)
  4 frilled lizards
  9 kobolds
  6 rats
53 creatures vanquished.

Notes
Turn   | Place    | Note
-------+----------+-------------------------------------------
     0 | D:1      | Dorkslayer the Demonspawn Fighter began the quest for the
                  | Orb.
     0 | D:1      | Reached XP level 1. HP: 18/18 MP: 1/1
    46 | D:1      | Found a faded altar of an unknown god.
   302 | D:1      | Gained mutation: You may rarely emit foul miasma when
                  | damaged in melee. [demonic ancestry]
   302 | D:1      | Reached XP level 2. HP: 19/24 MP: 2/2
  1099 | D:2      | Gained mutation: You sometimes emit foul miasma when
                  | damaged in melee. [demonic ancestry]
  1099 | D:2      | Reached XP level 3. HP: 5/29 MP: 3/3
  1648 | D:3      | Reached XP level 4. HP: 16/35 MP: 4/4
  1839 | D:3      | Noticed Robin
  1847 | D:3      | Reached skill level 1 in Dodging
  1847 | D:3      | Reached XP level 5. HP: 18/42 MP: 5/5
  1860 | D:3      | Noticed Sigmund
  1868 | D:3      | Slain by a dart slug

Illustrated notes

Levels and vault maps discovered:
D:1:      mushboom_english_gardens, layout_basic,
          hellmonk_ecumenical_altar_run_dry
D:2:      layout_rooms
D:3:      layout_loops_cross, uniq_robin, uniq_sigmund, uniq_terence

Skill      XL: |  1  2  3  4 |
---------------+-------------+-----
Long Blades    | 2 3 |  3.1
Armour         | 3 |  3.6
Shields        | 3 |  3.1
Dodging        | 1 |  1.0
Fighting       | |  3.7

Action                   |  1- 3 |  4- 6 || total
-------------------------+-------+-------++-------
Melee: Long sword        |   127 |    35 ||   162
  Use: Scroll            |     3 |     2 ||     5
       Potion            |     1 |     5 ||     6
Armor: Scale mail        |    78 |       ||    78
       Chain mail        |    16 |    33 ||    49
Dodge: Dodged            |    53 |    10 ||    63
Block: Buckler           |    33 |    17 ||    50
